 Dungeon Crawl Stone Soup version 0.31-a0-196-g86fe4a5e66 (webtiles) character file.

Game seed: 11452988824803440709

362251 Midn8 the Metallomancer (level 19, -2/185 HPs)
             Began as a Purple Draconian Conjurer on June 24, 2023.
             Was the Champion of Ru.
             Slain by a phantasmal warrior (17 damage)
             ... led by a vampire knight
             ... on level 1 of the Depths on June 25, 2023.
             The game lasted 04:38:28 (70911 turns).

Midn8 the Metallomancer (DrCj)                     Turns: 70911, Time: 04:38:29

Health: -2/185     AC: 20    Str: 14    XL:     19   Next: 51%
Magic:  3/40       EV: 17    Int: 26    God:    Ru [******]
Gold:   2738       SH:  0    Dex:  5    Spells: 8/52 levels left

rFire   . . .        b - staff "Plog" {Str+4 Earth}
rCold   . . .        H - orb {mayhem}
rNeg    . . .        (body armour unavailable)
rPois   .            l - +2 hat {Will+}
rElec   .            A - scarf {rC+ rF+}
rCorr   .            J - +4 pair of gloves of the Old and Reckless {-Tele Fly Regen+ Dex-5}
SInv    .            G - +2 pair of boots
Will    +....        d - amulet of the acrobat
Stlth   ++           x - ring of wizardry
HPRegen 1.30/turn    h - +5 ring of evasion
MPRegen 0.27/turn

%: no teleportation, mayhem, acrobat, wizardry (x1)
@: exhausted, weak-willed, flying, very slightly contaminated, studying 2
skills, unable to drink
A: breathe power, AC +10, unfitting armour, cold-blooded, inability to drink
after injury 2, inexperienced 2, temperature sensitive
}: 2/15 runes: decaying, serpentine
a: Breathe Dispelling Energy, Renounce Religion, Draw Out Power, Power Leap,
Apocalypse


You were on level 1 of the Depths.
You worshipped Ru.
Ru was exalted by your worship.
You visited 9 branches of the dungeon, and saw 39 of its levels.
You also visited: Gauntlet and Ice Cave.

You collected 4995 gold pieces.
You spent 2257 gold pieces at shops.

Inventory:

Hand Weapons
 a - the +7 Spriggan's Knife {stab, EV+4 Stlth+}
   (You found it in a Gauntlet)

   Stab:      It is more effective when stabbing unaware enemies, sometimes
   treating them as though they were completely helpless.
   EV:        It affects your evasion (+4).
   Stlth:     It makes you more stealthy.
Missiles
 q - 22 curare-tipped darts
 B - 2 throwing nets
Armour
 f - a +2 pair of gloves of strength
 l - a +2 hat of willpower (worn)
 A - a scarf of resistance (worn)
 G - a +2 pair of boots (worn)
 H - an orb of mayhem (worn)
 J - the +4 pair of gloves of the Old and Reckless (worn) {-Tele Fly Regen+ Dex-5}
   (You found it in a Gauntlet)

   Dex:       It affects your dexterity (-5).
   Fly:       It grants you flight.
   -Tele:     It prevents most forms of teleportation.
   Regen:     It increases your rate of health regeneration.
Magical Staves
 b - the staff "Plog" (weapon) {Str+4 Earth}
   (You found it in a Gauntlet)

   [staff of earth]

   Base accuracy: +5 Base damage: 5 Base attack delay: 1.2 This weapon's minimum
   attack delay (0.6) is reached at skill level 12.
   Str:       It affects your strength (+4).
   Earth:     It increases the power of your Earth spells.
   It falls into the 'Staves' category.
   It is a one-handed weapon.
Jewellery
 d - an amulet of the acrobat (around neck)
 h - a +5 ring of evasion (right hand)
 k - a ring of poison resistance
 x - a ring of wizardry (left hand)
 D - a +6 ring of dexterity
 I - the ring of Intercession {rF+ rN+}
   (You found it in a Gauntlet)

   [ring of positive energy]

   rF:        It protects you from fire.
   rN:        It protects you from negative energy.
 M - a ring of willpower
 Q - a ring of protection from cold
Wands
 t - a wand of roots (27)
 v - a wand of digging (5)
 z - a wand of charming (24)
 S - a wand of mindburst (27)
 W - a wand of polymorph (5)
 Z - a wand of acid (22)
Scrolls
 g - 13 scrolls of teleportation
 i - 8 scrolls of fear
 j - 6 scrolls of blinking
 n - 6 scrolls of amnesia
 r - 7 scrolls of fog
 C - 3 scrolls of revelation
 E - 19 scrolls of identify
 R - 5 scrolls of vulnerability
 T - 4 scrolls of silence
 U - 9 scrolls of enchant weapon
 V - 3 scrolls of summoning
Potions
 c - 7 potions of cancellation
 e - 8 potions of heal wounds
 m - 2 potions of mutation
 o - 7 potions of enlightenment
 p - 17 potions of curing
 s - 11 potions of brilliance
 u - 8 potions of might
 w - 5 potions of haste
 y - 3 potions of ambrosia
 K - 4 potions of invisibility
 L - 2 potions of resistance
 N - a potion of magic
Miscellaneous
 F - a piece from Xom's chessboard (15/15)
 O - a lightning rod (4/4)
 P - a phial of floods
 X - a phantom mirror
 Y - a condenser vane


   Skills:
 - Level 20.0 Fighting
 - Level 10.0 Short Blades
 - Level 1.5(4.0) Maces & Flails
 - Level 5.8(6.0) Staves
 - Level 5.0 Dodging
 - Level 5.0 Stealth
 - Level 17.0 Spellcasting
 - Level 11.2 Conjurations
 - Level 6.0 Hexes
 - Level 10.0 Necromancy
 - Level 4.0 Translocations
 - Level 4.0 Transmutations
 + Level 22.6 Earth Magic
 - Level 12.0 Evocations


You had 8 spell levels left.
You knew the following spells:

 Your Spells              Type           Power      Damage    Failure   Level
a - Magic Dart            Conj           100%       1d8       0%          1
b - Iskenderun's Mystic   Conj/Tloc      57%        2d12      1%          4
c - Borgnjor's Vile Clut  Necr/Erth      51%        N/A       1%          5
d - Animate Dead          Necr           65%        N/A       1%          4
e - Dazzling Flash        Conj/Hex       100%       N/A       1%          3
f - Fulminant Prism       Conj/Hex       30%        3d16      1%          4
r - Leda's Unmaking       Conj/Erth      52%        9d9       1%          6
s - Shatter               Erth           59%        3d44*     9%          9
t - Petrify               Tmut/Erth      95%        N/A       1%          4
B - Blink                 Tloc           84%        N/A       1%          2
S - Sublimation of Blood  Necr           65%        N/A       1%          2

Your spell library contained the following spells:

 Spells                   Type           Power      Damage    Failure   Level
 Sandblast                Erth           100%       2d20      0%          1
 Passwall                 Tmut/Erth      79%        N/A       0%          2
 Beastly Appendage        Tmut           84%        N/A       1%          1
 Summon Small Mammal      Summ           88%        N/A       1%          1
 Ensorcelled Hibernation  Hex/Ice        74%        N/A       1%          2
 Poisonous Vapours        Pois/Air       44%        N/A       1%          2
 Searing Ray              Conj           100%       2d8       1%          2
 Wereblood                Tmut           42%        N/A       1%          2
 Gell's Gravitas          Tloc           42%        N/A       1%          3
 Hailstorm                Conj/Ice       50%        3d11      1%          3
 Spider Form              Tmut/Pois      32%        N/A       1%          3
 Summon Guardian Golem    Hex/Summ       37%        N/A       1%          3
 Teleport Other           Tloc           42%        N/A       1%          3
 Vhi's Electric Charge    Tloc/Air       64%        N/A       1%          3
 Volatile Blastmotes      Fire/Tloc      64%        2d15      1%          3
 Anguish                  Hex/Necr       29%        N/A       1%          4
 Cause Fear               Hex            26%        N/A       1%          4
 Manifold Assault         Tloc           42%        N/A       1%          4
 Irradiate                Conj/Tmut      28%        3d21      1%          5
 Iskenderun's Battlesphe  Conj           69%        2d12      1%          5
 Call Canine Familiar     Summ           22%        N/A       2%          3
 Ozocubu's Armour         Ice            22%        N/A       2%          3
 Swiftness                Air            22%        N/A       2%          3
 Arcjolt                  Conj/Air       25%        1d35      2%          5
 Death Channel            Necr           32%        N/A       2%          6
 Ice Form                 Ice/Tmut       32%        N/A       4%          4
 Blade Hands              Tmut           21%        N/A       4%          5
 Metabolic Englaciation   Hex/Ice        18%        N/A       8%          5
 Summon Mana Viper        Hex/Summ       37%        N/A       8%          5
 Olgreb's Toxic Radiance  Pois           22%        N/A       9%          4
 Summon Ice Beast         Ice/Summ       22%        N/A       9%          4
 Summon Lightning Spire   Summ/Air       22%        N/A       9%          4
 Summon Forest            Summ/Tloc      16%        N/A       11%         5
 Starburst                Conj/Fire      25%        6d8       14%         6
 Simulacrum               Ice/Necr       24%        N/A       17%         6
 Dispersal                Tloc           21%        N/A       26%         6
 Eringya's Noxious Bog    Tmut/Pois      16%        N/A       50%         6
 Enfeeble                 Hex            26%        N/A       52%         7
 Spellforged Servitor     Conj/Summ      25%        N/A       56%         7
 Haunt                    Necr/Summ      24%        N/A       65%         7
 Borgnjor's Revivificati  Necr           32%        N/A       65%         8
 Infestation              Necr           32%        N/A       65%         8
 Storm Form               Tmut/Air       16%        N/A       96%         7
 Monstrous Menagerie      Summ           11%        N/A       99%         7
 Summon Hydra             Summ           11%        N/A       99%         7
 Discord                  Hex            26%        N/A       99%         8
 Ignition                 Fire           11%        3d5       100%        8
 Maxwell's Capacitive Co  Air            11%        ∞         100%        8
 Chain Lightning          Conj/Air       25%        3d33      100%        9
 Fire Storm               Conj/Fire      25%        8d6       100%        9
 Animate Armour           Summ/Erth      Unusable   N/A       N/A         4

Dungeon Overview and Level Annotations

Branches:
Dungeon (15/15)            Temple (1/1) D:4            Lair (5/5) D:10
  Swamp (4/4) Lair:3        Snake (4/4) Lair:2        Slime (0/5) Lair:4
    Orc (2/2) D:12            Elf (3/3) Orc:2        Vaults (4/5) D:13
  Crypt (0/3) Vaults:3     Depths (1/4) D:15          IceCv (visited)
Gauntlet (visited)

Altars:
Ashenzari
Cheibriados
Dithmenos
Elyvilon
Fedhas
Gozag
Hepliaklqana
Kikubaaqudgha
Makhleb
Nemelex Xobeh
Okawaru
Qazlal
Ru
Sif Muna
Trog
Uskayaw
Vehumet
Wu Jian
Xom
Yredelemnul
Zin
The Shining One
Jiyva
Lugonu

Shops:
D:3 ?   D:9 (   D:11 *   D:15 *   Orc:2 *=([*   Elf:1 !   Elf:3 *![
Snake:2 !=[   Vaults:2 *   Vaults:3 !

Portals:
Abyss: Lair:5
Ziggurat: Depths:1
Trove: Vaults:2 (give 2 scrolls of acquirement)

Annotations:
D:15 3 runed translucent doors
Lair:5 exclusion: oklob plant
Snake:2 1 runed translucent door, MrSquiggles's ghost, adept HuIE
Elf:2 6 runed translucent doors, bchevrier's ghost, journeyman GnWn


Innate Abilities, Weirdness & Mutations

You can breathe bolts of dispelling energy.
Your rich purple scales are hard. (AC +10)
You cannot fit into any form of body armour.
You are cold-blooded and may be slowed by cold attacks.
You sometimes lose the ability to drink potions when taking damage.
You are inexperienced. (-2 XL)
You are sensitive to extremes of temperature. (rF-, rC-)


Message History

* * * LOW HITPOINT WARNING * * *
Unknown command.
The phantasmal warrior attacks as you move away!
The phantasmal warrior hits you.
* * * LOW HITPOINT WARNING * * *
Your willpower is stripped away!
The spark wasp stings the deep troll earth mage!!!
The deep troll earth mage dies!
The phantasmal warrior gestures at you.
The phantasmal warrior blinks!
The phantasmal warrior gestures at you.
The phantasmal warrior blinks!
There is an open door, spattered with blood here.
You hear an angry buzzing noise.
You hear an angry buzzing noise. x2
Okay, then.
The phantasmal warrior gestures at you.
The phantasmal warrior blinks!
The phantasmal warrior begins to attack, but is stunned by your conviction!
You hit the phantasmal warrior but do no damage. x2
You shatter the phantasmal warrior!
The phantasmal warrior is moderately damaged.
The phantasmal warrior is stunned by your conviction and fails to attack.
The phantasmal warrior gestures at you.
The phantasmal warrior blinks!
You hit the phantasmal warrior. You barely miss the phantasmal warrior.
The phantasmal warrior is moderately damaged.
The phantasmal warrior hits you!!
* * * LOW HITPOINT WARNING * * *
The phantasmal warrior hits you!
* * * LOW HITPOINT WARNING * * *
You focus your inner power and illuminate the phantasmal warrior in retribution!
You cannot drink potions in your current state!
Okay, then.
Aiming: Mindburst
Press: ? - help, Shift-Dir - straight line, f - phantasmal warrior
Aim: a phantasmal warrior (softly glowing, chance to affect: 51%)
The phantasmal warrior resists with significant effort.
The phantasmal warrior hits you!
You die...

..# .. . ## .# .
..#.#.## .# ..#.#.#
#.## ####.#..##...
#########.#.....#..#
#.......#..........#
#....@W.'..)....<.## #
#...W..(#..........##.
#....#..#........##...
#'####............#...
#.................D...
#.....................
#............y(.).....
#...######....§.....?.
###########.....##....


You could see 2 phantasmal warriors.

Vanquished Creatures
  the Lernaean hydra (Swamp:4)
  Bai Suzhen (Elf:2)
  A tentacled monstrosity (Swamp:3)
  A deep elf blademaster (Elf:3)
  A sphinx (Vaults:4)
  Gastronok (D:8)
  An ancient champion (Vaults:3)
  A thorn hunter (Swamp:4)
  A fire giant (Vaults:3)
  Donald (Vaults:2)
  The ghost of Tolur the Eclecticist, an adept DEFE of Vehumet (D:15)
  11 vault wardens
  9 nagarajas (Snake:4)
  Aizul (Snake:1)
  3 deep elf sorcerers (Elf:3)
  2 orc warlords
  7 deep elf elementalists (Elf:3)
  14 ironbound preservers
  7 stone giants
  A formless jellyfish (Vaults:3)
  2 war gargoyles (Vaults:2)
  5 ironbound thunderhulks
  5 deep elf demonologists (Elf:3)
  The ghost of Ylounoac the Severer, a journeyman MiBe of Trog (D:14)
  6 deep elf annihilators
  A minotaur (Gauntlet)
  The ghost of cforsyth the Ogre Mage, a journeyman OgFE of Vehumet (D:11)
  5 eleionomae
  9 dire elephants
  Azrael (Elf:2)
  4 bunyips
  A vampire knight (Depths:1)
  A spark wasp (Depths:1)
  2 crystal guardians
  6 deep elf death magi
  An ettin (Depths:1)
  A jiangshi (Vaults:3)
  2 deep elf high priests
  Josephine (D:14)
  8 yaktaur captains
  Harold (D:9)
  7 vault guards
  2 great orbs of eyes
  3 peacekeepers
  22 hydras
  A ghost crab (Swamp:4)
  Erica (D:9)
  An ogre mage (Vaults:4)
  A catoblepas (Lair:1)
  A satyr (shapeshifter) (Elf:2)
  12 ironbound frosthearts
  15 centaur warriors
  4 two-headed ogres
  8 boulder beetles
  An anaconda (shapeshifter) (Lair:4)
  7 death yaks (IceCv)
  12 anacondas
  7 naga warriors
  2 tengu warriors
  5 orc high priests
  11 alligators
  2 vampire magi
  13 dancing weapons
  4 naga sharpshooters
  8 shock serpents
  A storm dragon zombie (D:15)
  8 deep elf knights
  Amaemon (D:9)
  2 skysharks
  2 skeletal warriors (D:15)
  30 deep trolls
  2 salamander mystics
  3 sea snakes (Snake:4)
  3 large abominations (Lair:5)
  4 bog bodies
  11 swamp dragons
  4 spriggan druids
  4 goliath frogs
  6 naga ritualists
  7 deep elf archers
  9 wizards
  5 orc knights
  8 ironbound convokers
  2 necromancers
  5 lindwurms (Vaults:1)
  A sphinx zombie (Vaults:4)
  30 deep elf zephyrmancers
  23 deep elf pyromancers
  A tengu skeleton (D:15)
  An ugly thing zombie (Vaults:3)
  42 ugly things
  13 mana vipers
  7 orc sorcerers
  9 salamanders
  5 will-o-the-wisps
  A shadow dragon skeleton (Vaults:4)
  A manticore (D:11)
  The ghost of SirDiesAlot the Lord of Darkness, a novice OpNe of Kikubaaqudgha (D:6)
  6 cyclopes
  An iron dragon skeleton (Vaults:4)
  An ice statue (IceCv)
  26 black mambas
  5 guardian serpents
  13 elephants
  14 naga magi
  A black mamba (shapeshifter) (Vaults:2)
  A dire elephant zombie (Vaults:4)
  A fire giant skeleton (D:15)
  11 vault sentinels
  An orange demon (D:9)
  A guardian serpent (shapeshifter) (D:15)
  Maggie (Lair:2)
  A smoke demon (Lair:5)
  9 cane toads
  A gargoyle (D:12)
  A kobold demonologist (D:13)
  2 rime drakes
  2 ice devils (D:11)
  3 freezing wraiths
  An efreet (D:10)
  2 unseen horrors (D:10)
  22 yaktaurs
  3 komodo dragons
  A merfolk (shapeshifter) (Elf:2)
  An ancient zyme (Lair:5)
  5 tyrant leeches
  3 meliai (Gauntlet)
  6 trolls
  3 hornets
  3 bloated husks
  15 polar bears
  6 blink frogs (Lair:5)
  3 vampires
  3 centaur simulacra
  26 slime creatures
  7 wraiths
  An ettin skeleton (D:15)
  An orc zombie (Orc:2)
  4 air elementals
  4 shadows
  A ynoxinul (Lair:5)
  7 spriggans
  2 water elementals
  3 wyverns
  54 yaks
  A steam dragon (D:7)
  5 basilisks
  A fire elemental (Elf:2)
  2 human simulacra (Vaults:4)
  13 vampire mosquitoes
  A chaos spawn (Lair:5)
  5 wargs
  2 acid dragons (D:10)
  13 swamp worms
  24 nagas
  2 hell hounds (Elf:2)
  14 water moccasins
  A human skeleton (Vaults:4)
  31 orc warriors
  8 small abominations (Lair:5)
  9 swamp drakes
  3 black bears
  2 ice beasts (D:7)
  9 ogres
  12 centaurs
  19 wolves
  2 phantoms (D:4)
  Blork the orc (D:4)
  11 bullfrogs
  A gnoll sergeant (D:8)
  A scorpion (D:7)
  5 wights (D:7)
  A yak zombie (D:10)
  5 killer bees (D:7)
  3 electric eels
  3 howler monkeys
  A wolf zombie (Lair:1)
  16 orc priests
  A gnoll bouda (D:10)
  4 hounds
  2 jellies
  Crazy Yiuf (D:4)
  4 iguanas
  2 sleepcaps
  31 orc wizards
  3 hell rats
  8 adders
  4 gnolls (D:8)
  2 shadow imps
  2 white imps
  An ufetubus (D:11)
  3 dart slugs
  87 orcs
  8 endoplasms
  3 giant cockroaches (D:2)
  5 goblins
  9 hobgoblins
  3 jackals
  7 kobolds
  2 quokkas (D:1)
  7 ball pythons
  3 bats
  A frilled lizard (D:3)
  6 rats
  A spectral orc (D:3)
1258 creatures vanquished.

Vanquished Creatures (collateral kills)
  A sphinx (Vaults:1)
  A nagaraja (Snake:4)
  A vault warden (Vaults:3)
  A deep elf sorcerer (Elf:3)
  5 ironbound preservers
  2 ironbound thunderhulks
  A deep elf annihilator (Elf:3)
  2 dire elephants (Vaults:4)
  An eleionoma (Swamp:1)
  A crystal guardian (Vaults:3)
  A deep elf high priest (Vaults:1)
  4 yaktaur captains
  2 hydras
  5 vault guards
  2 centaur warriors
  3 boulder beetles
  A ghost crab (Swamp:1)
  An anaconda (Snake:3)
  5 naga warriors
  A deep troll earth mage (Depths:1)
  2 thrashing horrors (Lair:5)
  2 deep elf knights
  A naga sharpshooter (Snake:4)
  A shock serpent (Snake:4)
  2 sea snakes
  2 spriggan druids
  4 naga ritualists
  2 ironbound convokers (Vaults:2)
  15 deep trolls
  2 wizards
  4 lindwurms
  A swamp dragon (Swamp:4)
  A deep elf zephyrmancer (Elf:2)
  2 mana vipers
  A goliath frog zombie (Swamp:1)
  3 ugly things
  2 centaur zombies (Vaults:4)
  7 elephants (Lair:5)
  2 dire elephant zombies (Vaults:4)
  3 black mambas
  A torpor snail (shapeshifter) (Lair:5)
  2 vault sentinels
  A torpor snail (Lair:4)
  2 naga magi (Snake:4)
  A cane toad (Lair:1)
  4 human zombies
  A komodo dragon (Lair:1)
  13 yaktaurs
  A komodo dragon (shapeshifter) (Lair:5)
  A rime drake (Lair:1)
  A guardian mummy (Vaults:2)
  2 hydra zombies
  A troll (D:13)
  A polar bear (IceCv)
  A tyrant leech (Swamp:1)
  3 blink frogs (Lair:5)
  A hornet (Swamp:1)
  A guardian serpent zombie (Snake:3)
  11 slime creatures
  2 spriggans (Swamp:1)
  A wraith (D:14)
  A shadow (D:11)
  16 yaks
  A basilisk (Lair:5)
  3 small abominations (Lair:5)
  A large abomination (Lair:5)
  2 vampire mosquitoes (Swamp:3)
  2 deep troll zombies (Vaults:3)
  6 nagas
  7 water moccasins
  4 swamp worms
  A lindwurm zombie (Vaults:2)
  2 centaurs (D:11)
  7 wolves
  2 salamander zombies (Snake:3)
  6 yaktaur zombies (Vaults:2)
  A yak zombie (Lair:3)
  A howler monkey (D:11)
  3 jellies (Lair:4)
  An orc wizard (Orc:2)
  2 hell rats (Lair:1)
  2 naga zombies (Snake:3)
  4 orcs
  A butterfly (Lair:4)
  A fulminant prism (Swamp:2)
229 creatures vanquished.

Vanquished Creatures (others)
  A deep elf master archer (Elf:3)
  2 vault wardens (Vaults:1)
  2 ironbound thunderhulks
  An eleionoma (Swamp:3)
  4 centaur warriors
  An anaconda (Snake:3)
  A dancing weapon (Elf:2)
  2 naga sharpshooters (Snake:2)
  A deep elf knight (Elf:1)
  A spriggan druid (Swamp:2)
  A sea snake (Snake:4)
  An anaconda zombie (Snake:3)
  A swamp dragon (Swamp:4)
  An ogre zombie (Vaults:1)
  4 deep trolls
  An orc knight (Vaults:4)
  8 ugly thing zombies
  A deep elf pyromancer (Elf:2)
  An ugly thing (Vaults:4)
  A manticore (D:14)
  An orc sorcerer (Orc:2)
  A dire elephant zombie (Vaults:2)
  A shock serpent zombie (Snake:4)
  2 guardian serpents
  A black mamba (Snake:2)
  A naga mage (Snake:2)
  2 death yak zombies (IceCv)
  2 yaktaurs
  A mana viper zombie (Snake:3)
  An alligator zombie (Swamp:1)
  3 black mamba zombies
  2 slime creatures
  A spriggan (Lair:5)
  A shadow (D:9)
  A wraith (D:12)
  3 slime creature zombies (Vaults:2)
  2 yaks
  A redback (D:15)
  A vampire mosquito (D:13)
  A naga (Snake:4)
  9 human zombies
  5 deep troll zombies (Vaults:2)
  A hornet zombie (D:13)
  12 elf zombies
  2 elephant zombies (Lair:5)
  A blink frog zombie (Lair:5)
  2 wolves (IceCv)
  5 lindwurm zombies
  An ogre (Orc:1)
  2 vampire mosquito zombies (D:13)
  A centaur (D:6)
  11 yaktaur zombies
  A salamander zombie (Snake:4)
  2 bullfrogs (Lair:1)
  A komodo dragon zombie (Lair:1)
  A water moccasin zombie (Lair:5)
  15 yak zombies
  A polar bear zombie (IceCv)
  11 wolf zombies
  5 centaur zombies
  A black bear zombie (Lair:1)
  2 orc wizards
  7 naga zombies
  2 hell rat zombies (Lair:1)
  2 orcs (Orc:2)
  21 orc zombies
  2 ball lightnings (D:15)
  A butterfly (D:4)
  16 foxfires
  208 fulminant prisms
416 creatures vanquished.

Grand Total: 1903 creatures vanquished

Notes
Turn   | Place    | Note
-------+----------+-------------------------------------------
     0 | D:1      | Midn8 the Draconian Conjurer began the quest for the Orb.
     0 | D:1      | Reached XP level 1. HP: 14/14 MP: 3/3
   320 | D:1      | Reached XP level 2. HP: 20/20 MP: 1/5
   386 | D:1      | Learned a level 2 spell: Searing Ray
   497 | D:1      | Found a faded altar of an unknown god.
  1273 | D:2      | Reached XP level 3. HP: 26/26 MP: 5/7
  2129 | D:3      | Reached XP level 4. HP: 33/33 MP: 7/10
  2178 | D:3      | Identified a scroll of acquirement
  2179 | D:3      | Acquired a +2 hat of willpower
  2310 | D:3      | Found a basalt altar of Yredelemnul.
  2436 | D:3      | Found Xuckyos's Magic Scroll Shoppe.
  2444 | D:3      | Bought a scroll of amnesia for 44 gold pieces
  2444 | D:3      | Bought a scroll of blinking for 82 gold pieces
  2885 | D:3      | Learned a level 4 spell: Fulminant Prism
  2886 | D:4      | Noticed a phantom
  2892 | D:4      | Killed a phantom
  2893 | D:4      | Reached skill level 5 in Conjurations
  2893 | D:4      | Reached XP level 5. HP: 35/38 MP: 2/11
  2965 | D:4      | Found a staircase to the Ecumenical Temple.
  2975 | Temple   | Entered the Ecumenical Temple
  3164 | Temple   | Became a worshipper of Ru the Awakened
  3401 | D:4      | Noticed Blork the orc
  3418 | D:4      | Killed Blork the orc
  3526 | D:4      | Noticed a phantom
  3533 | D:4      | Killed a phantom
  3534 | D:4      | Reached skill level 1 in Hexes
  3534 | D:4      | Reached XP level 6. HP: 45/45 MP: 2/12
  3629 | D:4      | Found a glowing silver altar of Zin.
  3662 | D:4      | Got the Compendium of Inquiry
  3713 | D:4      | Found a sparkling altar of Nemelex Xobeh.
  3912 | D:4      | Found a white marble altar of Elyvilon.
  4013 | D:4      | Identified the +4 ring mail of Distant Worlds {rCorr}
  4082 | D:4      | Found a runed translucent door.
  4083 | D:4      | Noticed Crazy Yiuf
  4092 | D:4      | Killed Crazy Yiuf
  4252 | D:5      | Entered Level 5 of the Dungeon
  4743 | D:5      | Your scales start taking on a rich purple colour.
  4743 | D:5      | Reached XP level 7. HP: 50/50 MP: 8/14
  4819 | D:5      | Gained mutation: You are somewhat inexperienced. (-1 XL)
                  | [Ru sacrifice]
  4819 | D:5      | Reached XP level 6. HP: 45/45 MP: 13/13
  4819 | D:5      | Reached * piety under Ru
  5219 | D:5      | Found a bloodstained altar of Trog.
  5727 | D:6      | Found a runed translucent door.
  5729 | D:6      | Noticed SirDiesAlot's ghost (novice OpNe)
  5768 | D:6      | Reached skill level 5 in Spellcasting
  5768 | D:6      | Reached XP level 7. HP: 50/50 MP: 5/15
  6227 | D:6      | Found a broken altar of Ashenzari.
  6332 | D:6      | Reached skill level 1 in Fighting
  6697 | D:7      | Reached skill level 5 in Hexes
  7015 | D:7      | Reached skill level 1 in Short Blades
  7252 | D:7      | Noticed a slime creature
  7252 | D:7      | Noticed a slime creature
  7252 | D:7      | Noticed a slime creature
  7270 | D:7      | Killed a slime creature
  7271 | D:7      | Reached XP level 8. HP: 47/66 MP: 7/17
  7339 | D:7      | Learned a level 4 spell: Iskenderun's Mystic Blast
  7488 | D:7      | Reached skill level 5 in Fighting
  7589 | D:7      | Reached skill level 1 in Translocations
  8043 | D:7      | Found a snail-covered altar of Cheibriados.
  8386 | D:8      | Gained mutation: You are inexperienced. (-2 XL) [Ru
                  | sacrifice]
  8386 | D:8      | Reached XP level 7. HP: 63/63 MP: 16/16
  8386 | D:8      | Reached ** piety under Ru
  8386 | D:8      | Reached *** piety under Ru
  8503 | D:8      | Noticed a two-headed ogre
  8644 | D:8      | Killed a two-headed ogre
  8653 | D:8      | Noticed Gastronok
  8953 | D:9      | Noticed Harold
  8964 | D:9      | Noticed Erica
  9833 | D:9      | Reached XP level 8. HP: 68/70 MP: 6/20
 10027 | D:9      | Found Arghoraor's Antique Weapon Emporium.
 10042 | D:9      | Found a shadowy altar of Dithmenos.
 10081 | D:9      | Noticed Amaemon
 10085 | D:9      | Noticed an orange demon
 10093 | D:9      | Killed an orange demon
 10099 | D:9      | Killed Amaemon
 10389 | D:9      | Killed Harold
 10619 | D:9      | Found a radiant altar of Vehumet.
 10688 | D:9      | Found a stormy altar of Qazlal.
 10905 | D:9      | Killed Erica
 11091 | D:10     | Entered Level 10 of the Dungeon
 11108 | D:9      | Identified the +1 chain mail of Fortification {rC+}
 11185 | D:9      | Bought a bloodstained halberd for 216 gold pieces
 11185 | D:9      | Identified the +0 halberd "Qamn" {drain, Fly SInv} (You
                  | bought it in a shop on level 9 of the Dungeon)
 11203 | D:10     | Noticed a two-headed ogre
 11469 | D:10     | Found a shimmering blue altar of Sif Muna.
 11504 | D:10     | Found a staircase to the Lair.
 11596 | D:10     | Reached skill level 5 in Dodging
 11608 | D:10     | Killed a two-headed ogre
 11655 | D:10     | Reached XP level 9. HP: 11/82 MP: 1/21
 11893 | D:10     | Noticed a tengu warrior
 11902 | D:10     | Killed a tengu warrior
 12111 | D:10     | Reached skill level 10 in Fighting
 12111 | D:10     | Reached skill level 1 in Maces & Flails
 12197 | D:10     | Noticed an orc knight
 12251 | D:9      | Learned a level 4 spell: Animate Dead
 12257 | D:9      | Learned a level 5 spell: Borgnjor's Vile Clutch
 12451 | D:10     | Killed an orc knight
 13378 | D:10     | Gained mutation: You are sensitive to extremes of
                  | temperature. (rF-, rC-) [Ru sacrifice]
 13378 | D:10     | Reached **** piety under Ru
 13378 | D:10     | Reached ***** piety under Ru
 13509 | Lair:1   | Entered Level 1 of the Lair of Beasts
 13605 | Lair:1   | Noticed a catoblepas
 13618 | Lair:1   | Reached skill level 5 in Necromancy
 13858 | Lair:1   | Killed a catoblepas
 13859 | Lair:1   | Reached skill level 1 in Earth Magic
 13965 | Lair:1   | Reached skill level 3 in Earth Magic
 14009 | Lair:1   | Reached skill level 4 in Earth Magic
 14307 | Lair:1   | Reached skill level 5 in Earth Magic
 14669 | Lair:1   | Reached skill level 6 in Earth Magic
 15369 | Lair:2   | Found a staircase to the Snake Pit.
 15385 | Lair:2   | Found a gate leading to a gauntlet.
 15394 | Gauntlet | Entered a Gauntlet
 15394 | Gauntlet | Found a transporter.
 15394 | Gauntlet | Found a transporter.
 15398 | Gauntlet | Found a transporter.
 15411 | Gauntlet | Found a transporter.
 15423 | Gauntlet | Found a transporter.
 15429 | Gauntlet | Found a transporter.
 15435 | Gauntlet | Noticed a wretched star
 15436 | Gauntlet | Found a transporter.
 15442 | Gauntlet | Found a large runed translucent door.
 15442 | Gauntlet | Noticed a thrashing horror
 15443 | Gauntlet | Found a large runed translucent door.
 15444 | Gauntlet | Found a large runed translucent door.
 15444 | Gauntlet | Found a large runed translucent door.
 15444 | Gauntlet | Noticed a thrashing horror
 15445 | Gauntlet | Found a runed translucent gate.
 15445 | Gauntlet | Found a large runed translucent door.
 15445 | Gauntlet | Found a large runed translucent door.
 15445 | Gauntlet | Found a runed translucent door.
 15446 | Gauntlet | Found a transporter.
 15446 | Gauntlet | Found a runed translucent gate.
 15446 | Gauntlet | Found a transporter.
 15446 | Gauntlet | Found a large runed translucent door.
 15447 | Gauntlet | Found a runed translucent gate.
 15447 | Gauntlet | Found a runed translucent door.
 15447 | Gauntlet | Found a large runed translucent door.
 15449 | Gauntlet | Found a transporter.
 15454 | Gauntlet | Found a large runed translucent door.
 15454 | Gauntlet | Found a large runed translucent door.
 15455 | Gauntlet | Found a transporter.
 15461 | Gauntlet | Found a transporter.
 15461 | Gauntlet | Noticed a dire elephant
 15467 | Gauntlet | Found a large runed translucent door.
 15468 | Gauntlet | Found a large runed translucent door.
 15537 | Gauntlet | Found a transporter.
 15553 | Gauntlet | Noticed an entropy weaver
 15559 | Gauntlet | Found a transporter.
 15569 | Gauntlet | Found a large runed translucent door.
 15569 | Gauntlet | Found a large runed translucent door.
 15570 | Gauntlet | Found a large runed translucent door.
 15571 | Gauntlet | Found a large runed translucent door.
 15656 | Gauntlet | Found a transporter.
 15672 | Gauntlet | Found a transporter.
 15773 | Gauntlet | Reached XP level 10. HP: 88/93 MP: 7/22
 15874 | Gauntlet | Identified the ring of Intercession {rF+ rN+}
 15912 | Gauntlet | Identified the +4 pair of gloves of the Old and Reckless
                  | {-Tele Fly Regen+ Dex-5}
 16005 | Gauntlet | Identified the staff "Plog" {Str+4 Earth}
 16141 | Gauntlet | Noticed a minotaur
 16234 | Gauntlet | Killed a minotaur
 16291 | Gauntlet | Found the +7 Spriggan's Knife {stab, EV+4 Stlth+}
 17041 | Lair:2   | Noticed Maggie
 17051 | Lair:2   | Killed Maggie
 17233 | Lair:2   | Found a bloodstained altar of Trog.
 17781 | Lair:3   | Noticed a boulder beetle
 18061 | Lair:2   | Learned a level 3 spell: Dazzling Flash
 18198 | Lair:3   | Noticed a six-headed hydra
 18232 | Lair:3   | Killed a six-headed hydra
 18233 | Lair:3   | Reached skill level 5 in Short Blades
 18899 | Lair:3   | Found a staircase to the Swamp.
 18965 | Lair:3   | Killed a boulder beetle
 18966 | Lair:3   | Reached skill level 7 in Earth Magic
 19109 | Lair:3   | Noticed a four-headed hydra
 19234 | Lair:3   | Killed a four-headed hydra
 19382 | Lair:3   | Reached skill level 8 in Earth Magic
 20093 | Lair:4   | You are sucked into a shaft and drop 1 floor!
 20093 | Lair:5   | Entered Level 5 of the Lair of Beasts
 20374 | Lair:4   | Reached XP level 11. HP: 104/104 MP: 12/23
 20737 | Lair:4   | Found a staircase to the Slime Pits.
 20742 | Lair:4   | Found a viscous altar of Jiyva.
 21499 | Lair:4   | Reached skill level 10 in Spellcasting
 22312 | Lair:5   | Reached skill level 9 in Earth Magic
 22801 | Lair:5   | Found a blossoming altar of Fedhas.
 22880 | Lair:5   | Gained mutation: You occasionally lose the ability to drink
                  | potions when taking damage. [Ru sacrifice]
 22880 | Lair:5   | Gained mutation: You sometimes lose the ability to drink
                  | potions when taking damage. [Ru sacrifice]
 22880 | Lair:5   | Reached ****** piety under Ru
 23173 | Lair:5   | Reached skill level 10 in Necromancy
 23173 | Lair:5   | Reached skill level 10 in Earth Magic
 24500 | Lair:5   | Reached XP level 12. HP: 104/107 MP: 17/26
 25021 | Lair:5   | Found a corrupted altar of Lugonu.
 25021 | Lair:5   | Found a one-way gate to the infinite horrors of the Abyss.
 25678 | D:11     | Found Waageunk's Assorted Antiques.
 25683 | D:11     | Bought a scroll labelled YLOKIF NYUFO for 32 gold pieces
 25683 | D:11     | Bought a sharpened bronze wand for 128 gold pieces
 26067 | D:11     | Found a runed translucent gate.
 26068 | D:11     | Found a runed translucent gate.
 26068 | D:11     | Noticed cforsyth's ghost (journeyman OgFE)
 26069 | D:11     | Found a runed translucent gate.
 26212 | D:11     | Found a frozen archway.
 26230 | IceCv    | Entered an ice cave
 26987 | IceCv    | Reached skill level 10 in Short Blades
 27423 | IceCv    | Reached skill level 5 in Stealth
 27556 | IceCv    | Got the Meditations on the Doomed Hornet
 28776 | D:8      | Killed Gastronok
 29153 | D:12     | Learned a level 4 spell: Petrify
 29312 | D:12     | Identified the +0 ring mail of Fortification {rElec SInv}
 29620 | D:12     | Found a staircase to the Orcish Mines.
 30107 | D:12     | Learned a level 2 spell: Sublimation of Blood
 30312 | D:13     | Reached XP level 13. HP: 103/123 MP: 15/27
 30907 | D:13     | Reached skill level 10 in Evocations
 30916 | D:13     | Reached skill level 1 in Staves
 31191 | D:13     | Found a gate to the Vaults.
 31624 | D:14     | Reached skill level 5 in Staves
 31698 | D:14     | Identified the +3 rapier of Earthquakes {venom, rF+ rCorr
                  | Int+2 Dex+5}
 31862 | D:14     | Noticed Josephine
 31880 | D:14     | Killed Josephine
 31884 | D:14     | Your ally Josephine died
 31891 | D:14     | Reached skill level 1 in Transmutations
 32899 | D:14     | Found a large runed translucent door.
 32899 | D:14     | Found a large runed translucent door.
 32903 | D:14     | Noticed Ylounoac's ghost (journeyman MiBe)
 33076 | D:6      | Killed SirDiesAlot's ghost
 33426 | D:15     | Entered Level 15 of the Dungeon
 33535 | Orc:1    | Entered Level 1 of the Orcish Mines
 33874 | Orc:2    | Entered Level 2 of the Orcish Mines
 34964 | Orc:2    | Found Lumn's General Store.
 34990 | Orc:1    | Reached skill level 15 in Fighting
 35435 | Orc:2    | Found a staircase to the Elven Halls.
 35907 | Orc:2    | Found Luq Usm's Assorted Antiques.
 35907 | Orc:2    | Found Ruzair's Armour Shop.
 35909 | Orc:2    | Found Luivvem's Jewellery Emporium.
 35909 | Orc:2    | Found Ysiseceq's Antique Weapon Shop.
 36253 | Orc:2    | Bought a shimmering mace for 168 gold pieces
 36253 | Orc:2    | Identified the +7 mace of Cheese {chaos, Str-5 Int+3 Dex+2}
                  | (You bought it in a shop on level 2 of the Orcish Mines)
 36253 | Orc:2    | Bought a potion of invisibility for 168 gold pieces
 36253 | Orc:2    | Bought a scroll of fog for 84 gold pieces
 36253 | Orc:2    | Bought a potion of curing for 63 gold pieces
 36253 | Orc:2    | Bought a pink potion for 18 gold pieces
 36287 | Elf:1    | Entered Level 1 of the Elven Halls
 36934 | Elf:1    | Reached XP level 14. HP: 137/137 MP: 9/28
 37102 | Elf:1    | Found Plog's Distillery.
 38126 | Elf:1    | You are sucked into a shaft and drop 1 floor!
 38834 | Elf:2    | Reached skill level 11 in Earth Magic
 39170 | Elf:2    | Paralysed by an air elemental for 1 turns
 39202 | Elf:2    | Noticed Azrael
 39358 | Elf:2    | Killed Azrael
 39616 | Elf:2    | Found a runed translucent gate.
 39617 | Elf:2    | Found a runed translucent gate.
 39617 | Elf:2    | Found a runed translucent gate.
 39626 | Elf:2    | Reached skill level 12 in Earth Magic
 39707 | Elf:2    | Found a runed translucent gate.
 39708 | Elf:2    | Found a runed translucent gate.
 39889 | Elf:2    | Noticed bchevrier's ghost (journeyman GnWn)
 39890 | Elf:2    | Found a runed translucent gate.
 39902 | Elf:2    | Found a viscous altar of Jiyva.
 39902 | Elf:2    | Noticed an acid blob
 40189 | Elf:2    | Reached skill level 13 in Earth Magic
 40446 | Elf:2    | Identified the +4 orcbow of Okawaru's Supremacy {flame,
                  | rCorr Str-4 Dex+5}
 40499 | Elf:3    | Entered Level 3 of the Elven Halls
 40500 | Elf:3    | Found Ibba's Distillery.
 40501 | Elf:3    | Found Him Vos's Antique Armour Shop.
 40520 | Elf:3    | Noticed Bai Suzhen
 40603 | Elf:3    | Paralysed by an air elemental for 1 turns
 41112 | Elf:2    | Found a radiant altar of Vehumet.
 41320 | Elf:2    | Killed Bai Suzhen
 41428 | Elf:3    | Identified the +6 dire flail of the Ass {heavy, *Slow rF+
                  | Dex+7}
 41579 | Elf:3    | Bought 2 potions of resistance for 300 gold pieces
 41785 | Elf:3    | Bought a shiny orb for 384 gold pieces
 41864 | Elf:3    | Found Dinneq's General Store.
 41871 | Elf:3    | Bought a potion of berserk rage for 50 gold pieces
 42509 | Elf:3    | Identified the +8 flail of Nuoklitu {drain, rN+ Will+}
 42745 | Elf:3    | Noticed a deep elf blademaster
 42762 | Elf:3    | Killed a deep elf blademaster
 42908 | Elf:3    | Reached XP level 15. HP: 143/144 MP: 18/31
 43646 | Elf:3    | Paralysed by an air elemental for 1 turns
 43678 | Elf:3    | Identified the +9 chain mail "Tytte" {rF+ Str+2}
 43678 | Elf:3    | Noticed a deep elf master archer
 43688 | Elf:3    | Killed a deep elf master archer
 43779 | Elf:3    | Noticed a Tzitzimitl
 43865 | Elf:3    | Noticed a Tzitzimitl
 43962 | Elf:3    | Noticed a Tzitzimitl
 43975 | Elf:3    | Reached skill level 14 in Earth Magic
 44227 | Elf:3    | Identified the +1 whip of the Nexus {elec, *Noise rPois
                  | rN+++ SInv} (You took it off a deep elf annihilator on
                  | level 3 of the Elven Halls)
 44227 | Elf:3    | Identified the ring "Piniog" {*Slow rF+ EV+5 Str+5} (You
                  | took it off a deep elf annihilator on level 3 of the Elven
                  | Halls)
 44272 | Elf:3    | Identified the staff "Qomyesacy" {rC+ SInv Stlth+ Ice}
 44281 | Elf:3    | Got the Discourse on Shivering Talus
 44795 | Swamp:1  | Entered Level 1 of the Swamp
 45096 | Orc:2    | Bought a ring of poison resistance for 280 gold pieces
 45713 | Swamp:1  | Reached skill level 15 in Earth Magic
 48220 | Swamp:3  | Noticed a tentacled monstrosity
 48236 | Swamp:3  | Killed a tentacled monstrosity
 49007 | Swamp:4  | Entered Level 4 of the Swamp
 49499 | Swamp:4  | Reached XP level 16. HP: 146/161 MP: 28/33
 50487 | Swamp:4  | Noticed the 27-headed Lernaean hydra
 50544 | Swamp:4  | Killed the 27-headed Lernaean hydra
 50805 | Swamp:4  | Got a decaying rune of Zot
 51188 | Snake:1  | Entered Level 1 of the Snake Pit
 51725 | Snake:1  | Noticed Aizul
 51749 | Snake:1  | Killed Aizul
 52291 | Snake:1  | Identified the +9 rapier of Fixation {freeze, rElec Int+3
                  | Dex-2}
 52641 | Snake:2  | Reached skill level 16 in Earth Magic
 52947 | Snake:2  | Found a shimmering altar of Xom.
 53013 | Snake:2  | Identified the +11 long sword "Gummeaz" {speed, Fragile
                  | rPois rN+}
 53719 | Snake:2  | Reached skill level 17 in Earth Magic
 53829 | Snake:2  | Found Ocrizi's Distillery.
 53933 | Snake:2  | Found Gievimiwk's Jewellery Shop.
 53934 | Snake:2  | Found Putuptoi's Antique Armour Boutique.
 53939 | Snake:2  | Bought a potion of brilliance for 60 gold pieces
 54096 | Snake:2  | Found a runed translucent door.
 54097 | Snake:2  | Noticed MrSquiggles's ghost (adept HuIE)
 55148 | Snake:3  | Reached skill level 18 in Earth Magic
 55510 | Snake:4  | Entered Level 4 of the Snake Pit
 55924 | Snake:4  | Reached XP level 17. HP: 167/170 MP: 34/34
 57021 | Snake:4  | Reached skill level 19 in Earth Magic
 57723 | Snake:4  | Got a serpentine rune of Zot
 58000 | Vaults:1 | Entered Level 1 of the Vaults
 58285 | Vaults:1 | Reached skill level 15 in Spellcasting
 58404 | Vaults:1 | Identified the +0 cloak "Zuatomoff" {Dex+3}
 59185 | Vaults:1 | Learned a level 6 spell: Leda's Unmaking
 60311 | Vaults:2 | Found Zijoghe's Assorted Antiques.
 61283 | Vaults:2 | Reached XP level 18. HP: 178/178 MP: 15/38
 62029 | Vaults:2 | Found a portal to a secret trove of treasure.
 62153 | Vaults:2 | Reached skill level 10 in Conjurations
 62743 | Vaults:2 | Noticed Donald
 62748 | Vaults:2 | Killed Donald
 63529 | Vaults:3 | Found a staircase to the Crypt.
 64369 | Vaults:3 | Reached skill level 20 in Earth Magic
 65850 | Vaults:3 | Found Pogg's Distillery.
 65859 | Vaults:3 | Bought a potion of haste for 180 gold pieces
 66678 | Vaults:4 | Reached XP level 19. HP: 147/185 MP: 14/40
 66880 | Vaults:4 | Reached skill level 21 in Earth Magic
 67359 | Vaults:4 | Learned a level 2 spell: Blink
 67369 | Vaults:4 | Learned a level 9 spell: Shatter
 69065 | D:15     | Noticed Tolur's ghost (adept DEFE)
 69076 | D:14     | Reached skill level 22 in Earth Magic
 69420 | D:15     | Killed Tolur's ghost
 69772 | D:15     | Found a staircase to the Depths.
 69788 | D:15     | Found an opulent altar of Gozag.
 69789 | D:15     | Found Ryufum's Assorted Antiques.
 69789 | D:15     | Found a runed translucent gate.
 69789 | D:15     | Found a runed translucent gate.
 69789 | D:15     | Found a runed translucent gate.
 70208 | D:11     | Killed cforsyth's ghost
 70429 | D:14     | Killed Ylounoac's ghost
 70533 | Depths:1 | Entered Level 1 of the Depths
 70602 | Depths:1 | Found a one-way gateway to a ziggurat.
 70911 | Depths:1 | Slain by a phantasmal warrior

Illustrated notes

Levels and vault maps discovered:
D:1:      lemuel_arrival_cross, layout_loops_cross,
          chequers_ecumenical_altar_island, minmay_misc_feat_x
D:2:      minmay_spotlight, layout_basic, minmay_pentomino_z2
D:3:      layout_rooms, yredelemnul_forgotten_temple_becter, serial_shops, shop
D:4:      layout_rooms, mainiacjoe_overflow_alcove_1, nemelex_dance_club_becter,
          nicolae_elyvilon_peaceful_grove, minmay_temple_entry_junction,
          uniq_blork_the_orc, uniq_crazy_yiuf_cottage
D:5:      layout_loops_ring, kennysheep_mini_moat
D:6:      layout_basic, ashenzari_conservatory_becter, ebering_ghost_sewer_d
D:7:      layout_loops_ring, kennysheep_slug_shrine
D:8:      layout_cave_pools, uniq_gastronok
D:9:      layout_loops_ring, nicolae_overflow_crystal_walls,
          nicolae_qazlal_style_of_elements, vehumet_altar_wand_db, serial_shops,
          shop, uniq_harold, uniq_amaemon, uniq_erica
D:10:     minmay_ornate_pinched, layout_loops_cross,
          nicolae_sif_muna_condensation, lair_entry_dummy
D:11:     layout_irregular_city, serial_shops, kennysheep_little_box,
          serial_ice, serial_ice_e, serial_ice_l, serial_ice_b, serial_ice_g,
          portal_ice_cave_demonic_guard, gammafunk_ghost_hydra_chop,
          chequers_serial_rivers_room_b
D:12:     layout_long_grid, erik_orc_2
D:13:     layout_basic, david_vaults_5, lightli_fourway_metalbox
D:14:     layout_loops_ring, roderic_lattice_octagonal_star,
          ebering_ghost_disaster_area, uniq_josephine
D:15:     gammafunk_depths_entry_grave, layout_gridville, serial_park_gazebo
          [serial_park_minivault_5x5_1], ebering_ghost_gozag
Temple:   bh_familiar_temple
Lair:1:   layout_regular_city, beast_lair_carwin_9
Lair:2:   layout_gridlike, guppyfry_snake_entry_garden, basic_altar,
          gauntlet_entry_generic, grunt_megastairs_5, uniq_maggie
Lair:3:   layout_small_grid, swamp_mist, cheibrodos_lair_reptile_den,
          serial_bayou_shore_a, serial_bayou_shore_b
Lair:4:   layout_regular_city, nicolae_slime_entry_slimehenge,
          lemuel_fruit_fields
Lair:5:   hellmonk_lair_end_abyssal_woods, layout_gridlike, tgw_fedhas
Swamp:1:  layout_falls_marsh, evilmike_swamp_ruin_house_5, swamp_pool4
Swamp:2:  layout_basic_swamp, evilmike_swamp_ruin_house_2
Swamp:3:  layout_basic_swamp, evilmike_swamp_ruin_wall,
          infiniplex_staircase_pool
Swamp:4:  swamp_old_school, layout_basic_swamp
Snake:1:  layout_chambers, uniq_aizul
Snake:2:  nrook_guardian_serpent_snake_passage, layout_rooms,
          ebering_ghost_reflecting_pool, basic_altar, nicolae_wooded_promenade
Snake:3:  layout_rooms, serial_bayou_shore_b
Snake:4:  grunt_snake_rune_pools, layout_cave_town, hangedman_snake_pattern
Orc:1:    layout_caves, minmay_orc_barracks
Orc:2:    grunt_orc_tribal_feast, layout_caves, serial_shops,
          nicolae_shop_hallway_stairs
Elf:1:    eino_elf_arrival_the_gate, layout_onion_city, serial_shops,
          shop_fountains, kennysheep_underground_church
Elf:2:    elven_hall_of_blades_hangedman_original [nicolae_blade_tridents],
          layout_gridlike, gammafunk_ghost_ooze, lemuel_upstairs_altar,
          uniq_asterion, uniq_azrael, uniq_jorgrun
Elf:3:    minmay_elf_hall_x, layout_loops_corners, serial_shops, shop,
          nicolae_shop_real_fake_doors, shop, uniq_bai_suzhen
Vaults:1: nicolae_vaults_diffraction_hallways, v_pattern_3,
          hangedman_vaults_nails, nicolae_vaults_three_branches,
          grunt_vaults_swirl, vaults_room_ringed_pool, vaults_room_corners,
          nicolae_vaults_turnstiles, vaults_room_stairs_pillars,
          layout_vaults_ring
Vaults:2: ontoclasm_vaults_idyll, vaults_dpeg_hooks, vaults_dpeg_ring,
          nicolae_vaults_little_squares_2, nicolae_vaults_trapezoid_lopsided_2,
          nicolae_vaults_network_periphery,
          nicolae_vaults_windows_and_doors_thing, v_misc_18,
          vaults_room_stairs_pillars, nicolae_vaults_surprise_closet,
          nicolae_vaults_tetromino_T_1, v_misc_28, ontoclasm_vaults_gallery,
          serial_ice_h, nicolae_vaults_tetromino_T_1, vaults_dpeg_diagonal,
          v_misc_19, layout_vaults_omnibox, nicolae_trove_entry_path_of_doom,
          serial_shops, shop, uniq_donald
Vaults:3: v_misc_26, vaults_dpeg_spiral, nicolae_vaults_network_s,
          minmay_crypt_entry_simple_round, nicolae_vaults_rhombus_5,
          hangedman_vaults_corner, nicolae_vaults_meeting,
          nicolae_vaults_trapezoid_3, layout_vaults_omnigrid, serial_shops, shop
Vaults:4: nicolae_vaults_hexular_roomagon, vaults_mumra_hex,
          hangedman_vaults_pinch, nicolae_vaults_triangles,
          ontoclasm_vaults_twist, grunt_vaults_trifunnel,
          hangedman_vaults_cutoff, vaults_mumra_minichess,
          nicolae_vaults_tetromino_Z_1, nicolae_vaults_trapezoid_lopsided_3,
          nicolae_vaults_angled_halls, vaults_dpeg_doors,
          nicolae_vaults_little_squares_2, vaults_room_large_hall,
          vaults_room_semicircle, layout_vaults_maze_bifur
Depths:1: layout_gridville, enter_ziggurat_c, hell_entry, grunt_decor_arrowhead,
          kennysheep_generic_room_15, serial_bayou_shore_b, minmay_shop_grove

Skill      XL: |  1  2  3  4  5  6  7  8  9 10 11 12 13 14 15 16 17 18 19 |
---------------+----------------------------------------------------------+-----
Spellcasting   | 3 4 5 8 10 12 13 16 17 | 17.0
Conjurations   | 5 6 8 11 | 11.2
Hexes          | 1 4 6 |  6.0
Fighting       | 4 9 10 12 13 14 16 17 19 20 | 20.0
Short Blades   | 4 6 10 | 10.0
Translocations | 4 2 |  4.0
Dodging        | 4 5 |  5.0
Evocations     | 6 9 10 12 | 12.0
Maces & Flails | 1 |  1.5
Necromancy     | 6 8 10 | 10.0
Earth Magic    | 6 8 10 13 15 18 19 20 22 | 22.6
Stealth        | 5 |  5.0
Staves         | 5 |  5.8
Transmutations | 4 |  4.0

Action                     |  1- 3 |  4- 6 |  7- 9 | 10-12 | 13-15 | 16-18 | 19-21 || total
---------------------------+-------+-------+-------+-------+-------+-------+-------++-------
  Melee: Dagger            |    15 |     9 |   107 |    36 |       |       |       ||   167
         Tailslap          |     2 |       |    26 |   141 |   147 |    88 |    23 ||   427
         Punch             |       |       |     3 |     9 |     6 |       |       ||    18
         Demon whip        |       |       |    57 |       |       |       |       ||    57
         Halberd           |       |       |     1 |     1 |       |       |       ||     2
         Knife             |       |       |       |   177 |   175 |    79 |    21 ||   452
         Staff             |       |       |       |   413 |   559 |   343 |    82 ||  1397
   Cast: Magic Dart        |    64 |    77 |    51 |    21 |     4 |     1 |       ||   218
         Searing Ray       |     3 |    28 |    90 |    44 |    22 |       |       ||   187
         Fulminant Prism   |       |     1 |    90 |    57 |    60 |     2 |       ||   210
         Iskenderun's Myst |       |       |     3 |     9 |    14 |       |       ||    26
         Animate Dead      |       |       |    10 |    20 |    19 |    13 |       ||    62
         Borgnjor's Vile C |       |       |     5 |   210 |   347 |   367 |    17 ||   946
         Dazzling Flash    |       |       |       |     7 |    12 |       |       ||    19
         Petrify           |       |       |       |    12 |    35 |     9 |     5 ||    61
         Sublimation of Bl |       |       |       |       |    24 |     8 |       ||    32
         Leda's Unmaking   |       |       |       |       |       |   116 |    14 ||   130
         Shatter           |       |       |       |       |       |       |    52 ||    52
 Invoke: Sacrifice Experie |       |     1 |     1 |       |       |       |       ||     2
         Draw Out Power    |       |       |     3 |     6 |     1 |     3 |       ||    13
         Apocalypse        |       |       |     2 |     3 |     3 |     3 |       ||    11
         Sacrifice Resista |       |       |     1 |       |       |       |       ||     1
         Reject Sacrifices |       |       |       |     1 |       |       |       ||     1
         Power Leap        |       |       |       |     3 |     3 |     2 |     2 ||    10
         Sacrifice Drink   |       |       |       |     1 |       |       |       ||     1
Ability: Breathe Dispellin |       |     2 |    15 |     8 |     7 |     1 |     1 ||    34
  Evoke: Wand              |       |       |     3 |     4 |     4 |       |     1 ||    12
         Piece from Xom's  |       |       |       |     1 |       |       |       ||     1
         Lightning rod     |       |       |       |       |     2 |       |       ||     2
         Phantom mirror    |       |       |       |       |     1 |     1 |       ||     2
         Condenser vane    |       |       |       |       |       |     1 |       ||     1
    Use: Scroll            |     7 |     7 |     3 |    10 |     6 |       |     2 ||    35
   Stab: Sleeping          |     1 |       |     1 |       |     4 |     6 |       ||    12
         Distracted        |       |       |     2 |     9 |    10 |     3 |       ||    24
         Petrified         |       |       |     2 |    12 |    33 |    11 |    12 ||    70
         Invisible         |       |       |       |     9 |     8 |     1 |       ||    18
         Paralysed         |       |       |       |    15 |     8 |     7 |       ||    30
         Petrifying        |       |       |       |    18 |    15 |    10 |     5 ||    48
         Confused          |       |       |       |       |       |     1 |       ||     1
 Armour: Skin              |     7 |    18 |    64 |   180 |   174 |   140 |    38 ||   621
  Dodge: Dodged            |    15 |    38 |   249 |   576 |   469 |   446 |    95 ||  1888

Table legend: (Time is in decaauts)
 A = Elapsed time spent in this place.
 B = Non-inter-level travel time spent in this place.
 C = Inter-level travel time spent in this place.
 D = Time resting spent in this place.
 E = Time spent auto-exploring this place.
 F = Levels seen in this place.
 G = Mean time per level.
                   A        B        C        D        E       F      G
               +--------+--------+--------+--------+--------+-----+--------+
         Total |  70780 |  66900 |   3880 |  32999 |  19503 |  41 | 1726.3 |
       Dungeon |  22173 |  20185 |   1988 |   9129 |   7455 |  15 | 1478.2 |
        Temple |    216 |    157 |     59 |      0 |    152 |   1 |  216.0 |
          Lair |  11277 |  10539 |    738 |   5237 |   3132 |   5 | 2255.4 |
         Swamp |   5661 |   5511 |    150 |   2883 |   1205 |   4 | 1415.2 |
     Snake Pit |   6657 |   6462 |    195 |   2995 |   1919 |   4 | 1664.2 |
  Orcish Mines |   3165 |   2916 |    249 |   1421 |    837 |   2 | 1582.5 |
   Elven Halls |   7993 |   7740 |    253 |   4159 |   1784 |   3 | 2664.3 |
        Vaults |  10857 |  10612 |    245 |   5824 |   2519 |   4 | 2714.2 |
        Depths |    279 |    279 |      0 |    144 |     55 |   1 |  279.0 |
      Ice Cave |   1544 |   1544 |      0 |    851 |    181 |   1 | 1544.0 |
      Gauntlet |    954 |    954 |      0 |    356 |    264 |   1 |  954.0 |
               +--------+--------+--------+--------+--------+-----+--------+

Top non-repeatable levels by time:
   Elf:3: 3506 daAuts
  Lair:5: 3271 daAuts
Vaults:2: 3084 daAuts
Vaults:3: 2715 daAuts
Vaults:4: 2695 daAuts
   Elf:1: 2578 daAuts
  Lair:3: 2376 daAuts
Vaults:1: 2361 daAuts
    D:10: 2196 daAuts
   Orc:2: 2186 daAuts
 Snake:4: 2151 daAuts
    D:14: 2123 daAuts
  Lair:4: 2110 daAuts
     D:7: 2084 daAuts
     D:9: 1993 daAuts
